 Dungeon Crawl Stone Soup version 0.29-a0-459-g97dee8cd24 (webtiles) character file.

Game seed: 14503571293586293661

40 xian the Conjurer (level 3, -1/27 HPs)
             Began as a Draconian Conjurer on May 21, 2022.
             Slain by an orc wizard
             ... wielding a +0 dagger
              (4 damage)
             ... on level 2 of the Dungeon.
             The game lasted 00:07:59 (2142 turns).

xian the Conjurer (Draconian Conjurer)              Turns: 2142, Time: 00:07:59

Health: -1/27      AC:  7    Str:  9    XL:     3   Next: 30%
Magic:  6/6        EV: 12    Int: 20    God:
Gold:   75         SH:  0    Dex:  9    Spells: 3/6 levels left

rFire   . . .      SeeInvis .   b - +1 mace (drain)
rCold   . . .      Faith    .   (no shield)
rNeg    . . .      Spirit   .   (body armour unavailable)
rPois   .          Reflect  .   c - +2 hat
rElec   .          Harm     .   (no cloak)
rCorr   .          Rampage  .   (no gloves)
Will    .....                   (no boots)
Stlth   +.........              (no amulet)
HPRegen 0.09/turn               (no ring)
MPRegen 0.10/turn               (no ring)

@: confused, mighty, brilliant, lethally poisoned (-1 -> -11)
A: AC +5, unfitting armour, cold-blooded
a: no special abilities


You were on level 2 of the Dungeon.
You visited 1 branch of the dungeon, and saw 3 of its levels.

You collected 75 gold pieces.

Inventory:

Hand Weapons
 b - a +1 mace of draining (weapon)
Armour
 c - a +2 hat (worn)
Scrolls
 d - a scroll of vulnerability {unknown}
 e - a scroll of amnesia {unknown}
 h - 2 scrolls of teleportation {unknown}
 j - a scroll of silence {unknown}
 k - a scroll of summoning {unknown}
 m - a scroll of noise {unknown}
Potions
 a - a potion of magic
 f - a potion of cancellation {unknown}
 g - a potion of mutation {unknown}
 i - a potion of haste {unknown}
 l - a potion of degeneration {unknown}
 p - a potion of invisibility {unknown}


   Skills:
 + Level 0.3 Fighting
 + Level 0.1 Maces & Flails
 + Level 2.1 Dodging
 + Level 2.0 Stealth
 + Level 2.3 Spellcasting
 + Level 4.5 Conjurations


You had 3 spell levels left.
You knew the following spells:

 Your Spells              Type           Power      Damage    Failure   Level
a - Magic Dart            Conj           100%       1d8       2%          1
b - Searing Ray           Conj           60%        2d6       3%          2

Your spell library contained the following spells:

 Spells                   Type           Power      Damage    Failure   Level
 Foxfire                  Conj/Fire      68%        2x1d7     6%          1
 Conjure Flame            Conj/Fire      17%        6-21      19%         3
 Dazzling Flash           Conj/Hex       34%        N/A       19%         3
 Call Imp                 Summ           3%         N/A       24%         2
 Mephitic Cloud           Conj/Pois/Air  12%        N/A       24%         3
 Inner Flame              Hex/Fire       3%         N/A       43%         3
 Flame Wave               Conj/Fire      17%        2d6       52%         4
 Fulminant Prism          Conj/Hex       8%         3d7       52%         4
 Iskenderun's Mystic Bla  Conj/Tloc      17%        2d5       52%         4


Dungeon Overview and Level Annotations

Branches:
Dungeon (3/15)

Altars:


Innate Abilities, Weirdness & Mutations

Your plain brown scales are hard. (AC +5)
You cannot fit into any form of body armour.
You are cold-blooded and may be slowed by cold attacks.


Message History

The puff of flame misses you.
You bump into the rock wall.
The orc priest looks satisfied for a moment.
You hear some strange, mumbled words.
You are more confused.
Something hits you.
There is a stone staircase leading up here.
Something hits you.
The orc priest hits you with a +0 hand axe of venom.
You are poisoned.
In your confused state, you trip and fall back down the stairs.
You feel very sick. Something hits you.
The orc priest hits you but does no damage.
You feel sick. The orc priest closely misses you.
Something completely misses you.
You climb upwards.
Reactivating autopickup.
You feel very sick.
There is a stone staircase leading down here.
You bump into the rock wall.
You feel sick. The orc priest closely misses you. Something hits you.
* * * LOW HITPOINT WARNING * * *
Deactivating autopickup; reactivate with Ctrl-A.
You're too confused to cast spells.
Unknown command.
It was a potion of might.
You feel very mighty all of a sudden.
You feel sick. The orc priest closely misses you.
Something hits you but does no damage.
You're too confused to cast spells.
You bump into the rock wall.
You feel sick.
The orc priest hits you with a +0 hand axe of venom.
* * * LOW HITPOINT WARNING * * *
You are lethally poisoned!
Something hits you but does no damage.
It was a potion of brilliance.
You feel clever all of a sudden.
* * * LOW HITPOINT WARNING * * *
You feel sick. The orc priest barely misses you. Something hits you.
You die...

.).........###...#..........##...
#####......###...#.........(.....
.................#..........##...
##############.#.#############...
.............#.........[.....#.##
.............#...###########.#.#
....##########.........# #.#.#
.......# #.o<#####.# #.#.#
....##.# #..@# #.# #.#.# ######.#
#.#{#####.#####.#.#
#.#######.#.#...........#.#
#.........#.#.###.#######.#
###########.#.......#...#.#
#.................#.#
#..........##.......##
#.....)....##..##.####
#..........##..#....##


You could see an orc priest.

Vanquished Creatures
  An orc (D:2)
  5 endoplasms (D:1)
  4 giant cockroaches
  2 goblins
  2 hobgoblins (D:2)
  6 jackals
  2 quokkas
  2 ball pythons (D:1)
  3 bats
  A frilled lizard (D:1)
  3 kobolds (D:1)
  A rat (D:1)
32 creatures vanquished.

Notes
Turn   | Place    | Note
-------+----------+-------------------------------------------
     0 | D:1      | xian the Draconian Conjurer began the quest for the Orb.
     0 | D:1      | Reached XP level 1. HP: 14/14 MP: 3/3
   662 | D:1      | Reached XP level 2. HP: 20/20 MP: 0/5
   913 | D:1      | Learned a level 2 spell: Searing Ray
  1488 | D:2      | Reached XP level 3. HP: 27/27 MP: 2/6
  2142 | D:2      | Slain by an orc wizard

Illustrated notes

Levels and vault maps discovered:
D:1:      wheals_arrival_linesprint, layout_basic, minmay_misc_feat_doors
D:2:      layout_basic
D:3:      layout_loops_corners, mainiacjoe_overflow_tiny_flanked

Skill      XL: |  1  2 |
---------------+-------+-----
Dodging        | 2 |  2.1
Stealth        | 2 |  2.0
Fighting       | |  0.3
Maces & Flails | |  0.1
Spellcasting   | |  2.3
Conjurations   | |  4.5

Action                   || total
-------------------------++-------
Melee: Mace              ||    17
 Cast: Magic Dart        ||    56
       Searing Ray       ||     1
  Use: Potion            ||     2
Armor: Skin              ||    10
Dodge: Dodged            ||    31

Table legend: (Time is in decaauts)
 A = Elapsed time spent in this place.
 B = Non-inter-level travel time spent in this place.
 C = Inter-level travel time spent in this place.
 D = Time resting spent in this place.
 E = Time spent auto-exploring this place.
 F = Levels seen in this place.
 G = Mean time per level.
                   A        B        C        D        E       F      G
               +--------+--------+--------+--------+--------+-----+--------+
         Total |   2150 |   2090 |     60 |     33 |   1819 |   3 |  716.7 |
       Dungeon |   2150 |   2090 |     60 |     33 |   1819 |   3 |  716.7 |
               +--------+--------+--------+--------+--------+-----+--------+

Top non-repeatable levels by time:
     D:1: 1220 daAuts
     D:2: 913 daAuts
     D:3: 16 daAuts
